 Dungeon Crawl Stone Soup version 0.24-a0-537-g2d01d4ab0a (console) character file.

Game seed: 4394525794014821504

83 Apatiregn the Ruffian (level 4, 0/37 HPs)
             Began as a Ghoul Gladiator on Aug 15, 2019.
             Was an Initiate of Dithmenos.
             Slain by Sigmund
             ... wielding a +1 scythe of venom
              (6 damage)
             ... on level 3 of the Dungeon.
             The game lasted 00:22:32 (1750 turns).

Apatiregn the Ruffian (Ghoul Gladiator)             Turns: 1750, Time: 00:22:32

Health: 0/37       AC:  7    Str: 18    XL:     4   Next: 44%
Magic:  3/3        EV: 11    Int:  3    God:    Dithmenos [......]
Gold:   129        SH:  3    Dex: 10    Spells: 3/3 levels left

rFire    . . .     SeeInvis .     - Unarmed
rCold    + . .     Gourm    .   (no shield)
rNeg     + + +     Faith    .   p - +0 ring mail
rPois    ∞         Spirit   .   b - +0 helmet
rElec    .         Reflect  +   (no cloak)
rCorr    .         Harm     .   (no gloves)
MR       .....                  n - +0 pair of boots
Stlth    ..........             i - +3 amulet of reflection
HPRegen  0.00/turn              (no ring)
MPRegen  0.08/turn              (no ring)

@: rotting
A: rotting body, claws 1, carnivore, cold resistance 1, negative energy
resistance 3, inhibited regeneration, torment resistance, unbreathing
a: Renounce Religion


You were on level 3 of the Dungeon.
You worshipped Dithmenos.
Dithmenos was noncommittal.
You were not hungry.

You visited 1 branch of the dungeon, and saw 3 of its levels.

You collected 129 gold pieces.

Inventory:

Armour
 a - a +0 leather armour
 b - a +0 helmet (worn)
 n - a +0 pair of boots (worn)
 p - a +0 ring mail (worn)
Jewellery
 i - a +3 amulet of reflection (around neck)
Scrolls
 d - a scroll of immolation {unknown}
 e - 3 scrolls of enchant weapon {unknown}
 g - a scroll of magic mapping {unknown}
 h - a scroll of identify {unknown}
Potions
 c - a potion of berserk rage
 f - 2 potions of brilliance {unknown}
 j - a potion of curing {unknown}
 m - a potion of agility {unknown}
 o - a potion of cancellation {unknown}
 q - a potion of resistance {unknown}
Comestibles
 k - 9 chunks of flesh
 l - a ration


   Skills:
 + Level 2.9 Fighting
 + Level 2.3 Throwing
 + Level 3.1 Dodging
 * Level 4.5 Unarmed Combat


You had 3 spell levels left.
You didn't know any spells.
Your spell library was empty.

Dungeon Overview and Level Annotations

Branches:
Dungeon (3/15)

Altars:
Dithmenos

Annotations:
D:3 Sigmund


Innate Abilities, Weirdness & Mutations

Your body is rotting away.
You thrive on raw meat.
You are immune to poison.
You have sharp fingernails.
You are carnivorous and can eat meat at any time.
Your flesh is cold resistant. (rC+)
You are immune to negative energy. (rN+++)
You do not regenerate when monsters are visible.
You are immune to unholy pain and torment.
You can survive without breathing.


Message History

The hobgoblin closely misses you. Something hits you!
You scratch the hobgoblin.
The hobgoblin is almost dead.
The hobgoblin hits you but does no damage.
You claw the hobgoblin!
You kill the hobgoblin!
Dithmenos accepts your kill.
You hear some strange, mumbled words.
A puff of flame appears from out of thin air!
The puff of flame hits you!
* * * LOW HITPOINT WARNING * * *
It was a potion of berserk rage.
You cannot raise a blood rage in your lifeless body.
Something hits you.
* * * LOW HITPOINT WARNING * * *
Unknown command.
You block something's attack.
You see here a +0 club.
Something hits you.
You die...

.# .# ##### ...... .# #...#
..... .# ##(..#### .... .#
#.......# ##@.. .# #.......#
#... ## #.......# #..
############..)######.# #
)..........(....@...#.#.#####
))...............)......)...^
...........#...####..##'##+##
...........##### ##.#......#
...........# #.#......#
...........# #........#
#####......# ##.......#
#......# #.......####
#......# ##.##..#....


There were no monsters in sight!

Vanquished Creatures
  4 adders
  A dart slug (D:2)
  4 giant cockroaches
  8 hobgoblins
  4 jackals (D:2)
  2 quokkas (D:3)
  5 bats
  3 frilled lizards
  4 goblins
  4 kobolds (D:2)
  6 rats
45 creatures vanquished.

Notes
Turn   | Place    | Note
-------+----------+-------------------------------------------
     0 | D:1      | Apatiregn the Ghoul Gladiator began the quest for the Orb.
     0 | D:1      | Reached XP level 1. HP: 17/17 MP: 0/0
    12 | D:1      | You fall into a shaft and drop 1 floor!
   156 | D:2      | Reached XP level 2. HP: 13/25 MP: 1/1
   583 | D:2      | Reached skill level 4 in Unarmed Combat
   583 | D:2      | Reached XP level 3. HP: 29/30 MP: 2/2
   684 | D:2      | Found a shadowy altar of Dithmenos.
   689 | D:2      | Became a worshipper of Dithmenos the Shadowed
  1173 | D:3      | Reached XP level 4. HP: 32/37 MP: 3/3
  1732 | D:3      | Noticed Sigmund
  1750 | D:3      | Slain by Sigmund

Levels and vault maps discovered:
D:1:      minmay_arrival_shoal_huts, layout_basic
D:2:      layout_basic, grunt_dithmenos_smoke
D:3:      layout_basic, first_ration, uniq_sigmund

Skill      XL: |  1  2  3 |
---------------+----------+-----
Throwing       | 2 |  2.3
Unarmed Combat | 4 |  4.5
Dodging        | 3 |  3.1
Fighting       | |  2.9

Action                   |  1- 3 |  4- 6 || total
-------------------------+-------+-------++-------
Melee: Unarmed           |    91 |    53 ||   144
       Punch             |     2 |       ||     2
Throw: Throwing net      |     3 |     4 ||     7
  Use: Potion            |       |     1 ||     1
  Eat: Chunk             |     1 |     2 ||     3
       Ration            |     1 |       ||     1
Armor: Leather armour    |    30 |    19 ||    49
       Ring mail         |       |     5 ||     5
Dodge: Dodged            |    59 |    38 ||    97
Block: Other             |     3 |     8 ||    11

Table legend:
 A = Non-vault XP
 B = Vault XP
 C = Vault XP percentage of total XP
 D = Non-vault monster count
 E = Vault monster count
 F = Vault count percentage of total count
                 A         B        C        D         E       F
            +---------+---------+-------+---------+---------+-------
      Total |     119 |       0 |   0.0 |      45 |       0 |   0.0
            +---------+---------+-------+---------+---------+-------
        D:2 |      62 |       0 |   0.0 |      24 |       0 |   0.0
        D:3 |      57 |       0 |   0.0 |      21 |       0 |   0.0
            +---------+---------+-------+---------+---------+-------
